 Dungeon Crawl Stone Soup version 0.22-a0-467-g5c5de1c (webtiles) character file.

29 albertz the Chopper (level 3, -8/33 HPs)
             Began as a Hill Orc Monk on June 10, 2018.
             Killed by divine providence
             ... invoked by an orc priest
              (14 damage)
             ... on level 2 of the Dungeon.
             The game lasted 00:11:01 (978 turns).

albertz the Chopper (Hill Orc Monk)                  Turns: 978, Time: 00:11:02

Health: -8/33      AC:  9    Str: 14    XL:     3   Next: 16%
Magic:  3/3        EV:  7    Int: 10    God:
Gold:   92         SH:  0    Dex: 13    Spells: 2/2 levels left

rFire    . . .     SeeInvis .   a - +0 hand axe
rCold    . . .     Gourm    .   (no shield)
rNeg     . . .     Faith    .   d - +0 chain mail
rPois    .         Spirit   .   (no helmet)
rElec    .         Reflect  .   l - +0 cloak
rCorr    .         Harm     .   (no gloves)
MR       .....                  (no boots)
Stlth    ..........             (no amulet)
HPRegen  0.11/turn              (no ring)
MPRegen  0.08/turn              (no ring)

@: no status effects
A: no striking features
a: Convert to Beogh


You were on level 2 of the Dungeon.
You were not hungry.

You visited 1 branch of the dungeon, and saw 2 of its levels.

You collected 92 gold pieces.

Inventory:

Hand Weapons
 a - a +0 hand axe (weapon)
Missiles
 m - 46 stones (quivered)
Armour
 d - a +0 chain mail (worn)
 l - a +0 cloak (worn)
Scrolls
 e - a scroll of enchant armour {unknown}
 g - a scroll of immolation {unknown}
 j - a scroll of identify
 k - a scroll of remove curse {unknown}
Potions
 h - a potion of ambrosia {unknown}
 i - a potion of heal wounds {unknown}
Comestibles
 c - 2 rations
 f - 6 chunks of flesh


   Skills:
 + Level 4.0 Fighting
 + Level 4.4 Axes
 * Level 1.4 Armour
 - Level 2.5 Dodging
 - Level 1.8 Stealth


You had 2 spell levels left.
You didn't know any spells.
Your spell library was empty.

Dungeon Overview and Level Annotations

Branches:
Dungeon (2/15)

Altars:


Message History

There is a stone staircase leading up here.
You see here a stone.
You bow before the missionary of Beogh.
You are not religious.
You are not religious.
The bat closely misses you.
You closely miss the kobold. The bat hits you but does no damage.
The orc priest mumbles some strange prayers to Beogh against you.
Beogh smites you! The kobold barely misses you.
The orc priest shouts, "Beogh is our master!
Accept the truth or die!"
You hit the kobold but do no damage. The bat hits you but does no damage.
The orc priest calls down the wrath of Beogh upon you.
Beogh smites you!
* * * LOW HITPOINT WARNING * * *
The kobold barely misses you.
Unknown command.
The bat barely misses you.
The orc priest invokes the aid of Beogh against you.
Beogh smites you!
You die...

##########
#).......#
#@.......#
###########.K......#
#.........#b......>.
#.........#........#
#...........o.......
..........#........#
..............#.##..
#.............#.# #.
.?............#.#


You could see an orc priest, a bat and a kobold.

Vanquished Creatures
  A dart slug (D:2)
  An orc (D:1)
  2 giant cockroaches
  4 hobgoblins (D:1)
  4 bats
  A frilled lizard (D:1)
  5 goblins
  2 kobolds (D:1)
  5 rats
25 creatures vanquished.

Notes
Turn   | Place    | Note
-------+----------+-------------------------------------------
     0 | D:1      | albertz the Hill Orc Monk began the quest for the Orb.
     0 | D:1      | Reached XP level 1. HP: 19/19 MP: 1/1
   195 | D:1      | Reached XP level 2. HP: 27/27 MP: 2/2
   626 | D:1      | Reached skill level 1 in Armour
   917 | D:2      | Reached XP level 3. HP: 33/33 MP: 3/3
   978 | D:2      | Killed from afar by an orc priest

Vault maps used:
D:1:      dpeg_arrival_rooms_c
D:2:      minmay_roachtagon, minmay_small_reverse_x, uniq_jessica

Skill      XL: |  1  2 |
---------------+-------+-----
Armour         | 1 |  1.4
Fighting       | 4 |  4.0
Axes           | |  4.4
Dodging        | |  2.5
Stealth        | |  1.8

Action                   || total
-------------------------++-------
Melee: Hand axe          ||    98
  Use: Scroll            ||     1
Armor: Chain mail        ||    88
Dodge: Dodged            ||    47

Table legend:
 A = Spawn XP
 B = Non-spawn XP
 C = Spawn XP percentage of total XP
 D = Spawn monster count
 E = Non-spawn monster count
 F = Spawn count percentage of total count
 G = Total turns spent on level
                    A         B        C        D         E        F      G
               +---------+---------+-------+---------+---------+-------+---------
         Total |       0 |      42 |   0.0 |       0 |      25 |   0.0 |   978
               +---------+---------+-------+---------+---------+-------+---------
           D:1 |       0 |      32 |   0.0 |       0 |      20 |   0.0 |   894
           D:2 |       0 |      10 |   0.0 |       0 |       5 |   0.0 |    84
               +---------+---------+-------+---------+---------+-------+---------
